 Dungeon Crawl Stone Soup version 0.30-a0-743-gbfdf073431 (webtiles) character file.

Game seed: 8867151498359673980

163 hikkokomori the Digger (level 5, -2/41 HPs)
             Began as a Demigod Earth Elementalist on Feb 6, 2023.
             Slain by an iguana (11 damage)
             ... on level 4 of the Dungeon.
             The game lasted 00:04:18 (2732 turns).

hikkokomori the Digger (Demigod Earth Elementalist) Turns: 2732, Time: 00:04:19

Health: -2/41      AC:  4    Str:  9    XL:     5   Next: 0%
Magic:  4/12       EV: 12    Int: 17    God:
Gold:   212        SH:  0    Dex: 18    Spells: 8/9 levels left

rFire   . . .      SeeInvis .    o - +0 rapier
rCold   . . .      Faith    .    (no shield)
rNeg    . . .      Spirit   .    i - +2 robe of Moral Flaws {rElec rCorr Stlth+}
rPois   .          Reflect  .    (no helmet)
rElec   +          Harm     .    (no cloak)
rCorr   +          Rampage  .    (no gloves)
Will    .....                    (no boots)
Stlth   ++++                     (no amulet)
HPRegen 0.26/turn                (no ring)
MPRegen 0.13/turn                (no ring)

@: no status effects
A: high MP 1, forlorn, divine attributes
a: no special abilities


You were on level 4 of the Dungeon.
You visited 1 branch of the dungeon, and saw 4 of its levels.

You collected 212 gold pieces.

Inventory:

Hand Weapons
 g - a +0 dagger
 o - a +0 rapier (weapon)
Armour
 a - a +0 robe
 i - the +2 robe of Moral Flaws (worn) {rElec rCorr Stlth+}
   (You found it on level 2 of the Dungeon)

   rElec:     It insulates you from electricity.
   rCorr:     It protects you from acid and corrosion.
   Stlth:     It makes you more stealthy.
 p - a +2 robe of positive energy
Scrolls
 c - 2 scrolls of fear {unknown}
 e - a scroll of amnesia {unknown}
 k - a scroll of acquirement {unknown}
 m - a scroll of butterflies {unknown}
 n - a scroll of enchant weapon {unknown}
 q - a scroll of identify {unknown}
 r - 2 scrolls of enchant armour {unknown}
Potions
 b - a potion of magic
 d - a potion of invisibility {unknown}
 f - a potion of flight {unknown}
 h - 2 potions of degeneration {unknown}
 j - 2 potions of curing {unknown}
 l - 2 potions of resistance {unknown}


   Skills:
 + Level 1.9 Fighting
 - Level 1.7 Dodging
 + Level 3.1 Stealth
 + Level 2.7 Spellcasting
 - Level 0.8 Transmutations
 + Level 3.5 Earth Magic


You had 8 spell levels left.
You knew the following spells:

 Your Spells              Type           Power      Damage    Failure   Level
a - Sandblast             Erth           28%        2d8       4%          1

Your spell library contained the following spells:

 Spells                   Type           Power      Damage    Failure   Level
 Passwall                 Tmut/Erth      7%         N/A       11%         2
 Lesser Beckoning         Tloc           4%         N/A       26%         2
 Stone Arrow              Conj/Erth      16%        3d8       26%         3
 Gell's Gravitas          Tloc           2%         N/A       47%         3
 Teleport Other           Tloc           2%         N/A       47%         3
 Petrify                  Tmut/Erth      9%         N/A       58%         4


Dungeon Overview and Level Annotations

Branches:
Dungeon (4/15)
 Temple: D:4-7


Innate Abilities, Weirdness & Mutations

You have an increased reservoir of magic. (+10% MP)
You shall have no god before yourself.
Your divine heritage dramatically boosts your attributes as you level up.


Message History

The blast of sand hits the iguana.
The iguana is heavily wounded.
The iguana bites you! The iguana bites you.
You are too injured to fight recklessly!
You are too injured to fight recklessly!
You are too injured to fight recklessly!
You are too injured to fight recklessly!
Casting: Sandblast (safe; 4% risk of failure)
Confirm with . or Enter, or press ? or * to list all spells.
Aiming: Sandblast (safe; 4% risk of failure)
Press: ? - help, Shift-Dir - straight line, f/p - iguana
Aim: an iguana (heavily wounded, 84% to hit)
The blast of sand hits the iguana.
The iguana is severely wounded.
The iguana bites you.
* * * LOW HITPOINT WARNING * * *
Casting: Sandblast (safe; 4% risk of failure)
Confirm with . or Enter, or press ? or * to list all spells.
Aiming: Sandblast (safe; 4% risk of failure)
Press: ? - help, Shift-Dir - straight line, f/p - iguana
Aim: an iguana (severely wounded, 84% to hit)
The blast of sand hits the iguana.
The iguana is severely wounded.
The iguana barely misses you. The iguana misses you.
Unknown command.
Casting: Sandblast (safe; 4% risk of failure)
Confirm with . or Enter, or press ? or * to list all spells.
Aiming: Sandblast (safe; 4% risk of failure)
Press: ? - help, Shift-Dir - straight line, f/p - iguana
Aim: an iguana (severely wounded, 84% to hit)
The blast of sand misses the iguana.
The iguana closely misses you.
Casting: Sandblast (safe; 4% risk of failure)
Confirm with . or Enter, or press ? or * to list all spells.
Aiming: Sandblast (safe; 4% risk of failure)
Press: ? - help, Shift-Dir - straight line, f/p - iguana
Aim: an iguana (severely wounded, 84% to hit)
The blast of sand hits the iguana but does no damage.
The iguana is severely wounded.
The iguana bites you!
You die...

###. #.. # #.# #######
.# ######.###.....# #.#
.(.......#.###.# ...
.^.....#.#.#...###>#.#.#
......##.#.#.###g.......
......##.......#l#
.....#########.#@#
###### #######.#.# ###
#..†....#.# ..#
#.#######.# #.#
#.........# #.#
########### #.# #<# ..#


You could see an iguana and a gnoll.

Vanquished Creatures
  An orc priest (D:3)
  An orc wizard (D:3)
  3 adders
  A worm (D:2)
  6 orcs (D:3)
  13 ball pythons
  5 bats
  4 endoplasms
  6 giant cockroaches
  4 goblins
  9 hobgoblins
  2 quokkas
  5 frilled lizards (D:1)
  7 kobolds
  3 rats
70 creatures vanquished.

Notes
Turn   | Place    | Note
-------+----------+-------------------------------------------
     0 | D:1      | hikkokomori the Demigod Earth Elementalist began the quest
                  | for the Orb.
     0 | D:1      | Reached XP level 1. HP: 14/14 MP: 5/5
   212 | D:1      | Reached XP level 2. HP: 21/22 MP: 5/7
   696 | D:1      | Reached skill level 1 in Fighting
   840 | D:1      | Reached XP level 3. HP: 28/28 MP: 5/8
   997 | D:2      | Identified the +2 robe of Moral Flaws {rElec rCorr Stlth+}
  1764 | D:3      | Reached XP level 4. HP: 18/35 MP: 4/10
  2691 | D:4      | Reached XP level 5. HP: 41/41 MP: 10/12
  2732 | D:4      | Slain by an iguana

Illustrated notes

Levels and vault maps discovered:
D:1:      minmay_arrival_solitary_statue, layout_rooms
D:2:      layout_rooms
D:3:      layout_basic
D:4:      layout_basic, mainiacjoe_overflow_paths, minmay_temple_entry_mist,
          corexii_item_surrounded_by_moat

Skill      XL: |  1  2  3  4 |
---------------+-------------+-----
Stealth        | 2 3 |  3.1
Spellcasting   | 2 |  2.7
Fighting       | 1 |  1.9
Earth Magic    | 3 |  3.5
Dodging        | |  1.7
Transmutations | |  0.8

Action                     |  1- 3 |  4- 6 || total
---------------------------+-------+-------++-------
  Melee: Unarmed           |    18 |       ||    18
         Dagger            |    10 |       ||    10
         Rapier            |     1 |     2 ||     3
   Cast: Sandblast         |    78 |    45 ||   123
   Stab: Sleeping          |     1 |       ||     1
 Armour: Robe              |    22 |     2 ||    24
  Dodge: Dodged            |    50 |    12 ||    62

Table legend: (Time is in decaauts)
 A = Elapsed time spent in this place.
 B = Non-inter-level travel time spent in this place.
 C = Inter-level travel time spent in this place.
 D = Time resting spent in this place.
 E = Time spent auto-exploring this place.
 F = Levels seen in this place.
 G = Mean time per level.
                   A        B        C        D        E       F      G
               +--------+--------+--------+--------+--------+-----+--------+
         Total |   2791 |   2739 |     52 |      0 |   2291 |   4 |  697.8 |
       Dungeon |   2791 |   2739 |     52 |      0 |   2291 |   4 |  697.8 |
               +--------+--------+--------+--------+--------+-----+--------+

Top non-repeatable levels by time:
     D:1: 1005 daAuts
     D:3: 987 daAuts
     D:2: 640 daAuts
     D:4: 159 daAuts
